Map: Orbital Shipyard

Players

IIIIIIIIIIII (State)

  • Race: Protoss Protoss
  • League: Grandmaster

llllllllllll - Winner!

  • Race: Zerg Zerg
  • League: Grandmaster

VOD

https://www.youtube.com/watch?v=dbB3pGQpB18

Description

Time

  • Played on: Feb. 17, 2016, 2:47 a.m.
  • Length: 11:22
Show
View Real Time Build Order
Export as new Build Order

IIIIIIIIIIII Protoss 

Build Orders: Nexus First, Phoenix Opening 

Get SALT Encoding   

  12  0:01  Probe (Chrono Boost)  
  13  0:12  Probe (Chrono Boost)  
  14  0:18  Pylon  
  14  0:22  Probe (Chrono Boost)  
  15  0:36  Probe (Chrono Boost)  
  16  0:47  Probe (Chrono Boost)  
  17  0:57  Nexus  
  17  1:00  Probe (Chrono Boost)  
  18  1:10  Gateway  
  18  1:13  Probe (Chrono Boost)  
  18  1:18  Assimilator  
  19  1:23  Probe (Chrono Boost)  
  20  1:26  Assimilator  
  20  1:34  Probe (Chrono Boost)  
  20  1:39  Gateway  
  21  1:44  Probe (Chrono Boost)  
  22  1:55  Probe (Chrono Boost)  
  22  1:58  Cybernetics Core  
  23  2:09  Probe (Chrono Boost)  
  23  2:10  Zealot (Chrono Boost), Probe (Chrono Boost)  
  27  2:19  Probe (Chrono Boost)  
  27  2:20  Probe (Chrono Boost)  
  29  2:23  Pylon  
  29  2:30  Probe (Chrono Boost)  
  29  2:35  Probe (Chrono Boost)  
  31  2:38  Adept  
  31  2:39  Adept  
  31  2:42  Probe (Chrono Boost)  
  36  2:49  Mothership Core (Chrono Boost)  
  38  2:52  Probe (Chrono Boost)  
  38  2:57  Stargate  
  39  3:03  Probe (Chrono Boost)  
  40  3:07  Probe (Chrono Boost)  
  40  3:09  Pylon  
  41  3:13  Probe (Chrono Boost)  
  41  3:17  Probe (Chrono Boost)  
  43  3:24  Probe (Chrono Boost)  
  44  3:28  Warp Gate (Chrono Boost)  
  44  3:30  Probe (Chrono Boost), Adept x2  
  49  3:34  Probe (Chrono Boost)  
  49  3:39  Pylon  
  49  3:40  Probe (Chrono Boost)  
  49  3:41  Phoenix (Chrono Boost)  
  52  3:44  Pylon  
  52  3:47  Probe  
  54  3:55  Probe  
  54  3:59  Probe, Adept x2  
  54  4:01  Phoenix (Chrono Boost), Pylon  
  62  4:15  Nexus  
  62  4:18  Pylon  
  62  4:19  Probe  
  62  4:20  Probe  
  64  4:24  Assimilator  
  64  4:26  Phoenix  
  64  4:27  Assimilator  
  66  4:33  Probe x2  
  68  4:45  Probe  
  69  4:46  Robotics Facility, Probe  
  69  4:47  Forge  
  69  4:51  Phoenix  
  70  4:57  Probe  
  70  4:58  Probe  
  74  5:09  Probe  
  74  5:11  Probe  
  74  5:12  Phoenix  
  74  5:21  Probe  
  74  5:23  Probe  
  76  5:33  Probe, Immortal  
  76  5:34  Phoenix  
  76  5:35  Probe x2  
  74  5:36  Assimilator  
  74  5:41  Assimilator  
  77  5:46  Gateway  
  77  5:49  Gateway  
  77  5:51  Pylon, Adept x2  
  77  5:54  Pylon  
  77  5:56  Protoss Ground Weapons Level 1  
  81  5:57  Probe x2  
  81  6:00  Probe  
  84  6:08  Pylon  
  84  6:09  Probe x2  
  86  6:12  Twilight Council  
  86  6:13  Gateway  
  86  6:14  Gateway  
  86  6:15  Probe  
  86  6:16  Gateway  
  87  6:21  Observer, Probe x2  
  90  6:26  Robotics Facility  
  90  6:28  Pylon, Probe  
  91  6:33  Probe  
  91  6:34  Probe  
  91  6:38  Probe  
  93  6:46  Probe  
  95  6:49  Immortal (Chrono Boost)  
  95  6:50  Charge  
  99  6:58  Probe x2  
  101  7:07  Zealot x4  
  107  7:11  Gateway  
  107  7:15  Gateway x2, Immortal (Chrono Boost)  
  111  7:19  Gateway  
  111  7:26  Templar Archives  
  111  7:29  Gateway  
  111  7:30  Warp Prism (Chrono Boost)  
  111  7:34  Protoss Ground Weapons Level 2  
  113  7:42  Zealot x4  
  121  7:51  Pylon  
  121  7:53  Pylon, Immortal (Chrono Boost)  
  121  7:55  Pylon  
  125  8:02  Immortal (Chrono Boost)  
  129  8:07  Zealot x2  
  133  8:14  Pylon  
  133  8:15  Pylon  
  133  8:18  Pylon  
  133  8:20  Nexus  
  133  8:21  High Templar x2  
  133  8:22  High Templar x3  
  143  8:29  High Templar, Probe  
  143  8:30  High Templar  
  143  8:31  Archon, Immortal (Chrono Boost)  
  143  8:32  Archon  
  152  8:35  Archon  
  152  8:36  Immortal (Chrono Boost)  
  152  8:37  High Templar  
  158  8:44  Photon Cannon  
  158  8:45  Photon Cannon  
  158  8:46  Archon  
  158  8:53  Zealot  
  158  8:54  Zealot x5  
  170  8:58  Pylon  
  170  9:00  Zealot  
  172  9:07  Psionic Storm  
  172  9:11  Blink  
  168  9:22  Zealot x4  
  168  9:23  Zealot x2  
  172  9:38  Zealot x6  
  147  9:55  Observer x2 (Chrono Boost)  
  137  10:00  Zealot x3  
  137  10:01  Zealot x6  
  129  10:19  Immortal x2 (Chrono Boost)  
  129  10:20  High Templar  
  129  10:21  High Templar  
  125  10:22  High Templar x3  
  125  10:23  High Templar  
  125  10:25  Archon  
  125  10:28  Archon  
  127  10:29  Archon  
  123  10:40  Zealot  
  123  10:41  Zealot x4  
  113  10:50  Zealot  
  113  10:55  Zealot x4  
  121  10:58  Zealot  
  121  10:59  Zealot  
  111  11:06  Zealot x3  
  93  11:19  Zealot x4  
Show
View Real Time Build Order
Export as new Build Order

llllllllllll Zerg - Winner!

Build Orders: Hatch First, Lurkers 

Get SALT Encoding   

  12  0:00  Drone  
  13  0:12  Overlord  
  13  0:17  Drone  
  14  0:31  Drone x2  
  14  0:34  Drone  
  17  0:52  Hatchery  
  17  0:54  Drone  
  17  0:57  Drone  
  18  1:06  Drone  
  18  1:08  Extractor  
  18  1:14  Spawning Pool  
  17  1:18  Drone  
  18  1:28  Drone  
  19  1:38  Overlord  
  19  2:01  Queen  
  19  2:02  Drone, Zergling x2  
  19  2:04  Queen  
  19  2:05  Drone  
  19  2:08  Metabolic Boost  
  26  2:11  Drone  
  28  2:15  Drone  
  28  2:22  Drone  
  29  2:26  Drone  
  30  2:34  Hatchery  
  29  2:37  Drone  
  29  2:39  Drone  
  31  2:47  Overlord  
  31  2:48  Drone  
  32  2:54  Drone  
  33  2:59  Drone  
  33  3:05  Drone  
  35  3:10  Queen  
  35  3:12  Zergling x8  
  41  3:13  Drone x3  
  41  3:19  Overlord  
  44  3:22  Overlord  
  44  3:38  Queen  
  44  3:40  Drone  
  47  3:41  Drone  
  47  3:42  Drone x2  
  47  3:43  Drone x2  
  47  3:44  Drone  
  47  3:45  Drone x2  
  47  3:47  Drone  
  56  3:55  Spore Crawler, Drone  
  56  3:56  Drone  
  56  3:58  Drone  
  56  4:01  Spore Crawler  
  56  4:02  Baneling Nest, Extractor  
  55  4:03  Drone  
  55  4:08  Drone x2  
  58  4:13  Drone x2  
  58  4:14  Drone  
  58  4:15  Drone x3  
  58  4:16  Drone  
  65  4:18  Drone  
  66  4:26  Overlord  
  66  4:27  Extractor, Overlord  
  66  4:29  Overlord  
  65  4:32  Spore Crawler  
  65  4:36  Overlord  
  65  4:37  Lair  
  64  4:40  Overlord  
  64  4:50  Drone x2  
  64  4:51  Drone x4  
  64  4:52  Drone  
  71  4:53  Drone x3  
  71  4:54  Extractor  
  71  4:57  Drone  
  71  4:58  Zergling x6  
  77  5:03  Zergling x2  
  74  5:08  Zergling x4  
  74  5:13  Queen  
  73  5:15  Zergling x4  
  69  5:23  Zergling x14  
  69  5:25  Drone x3  
  77  5:29  Drone  
  77  5:30  Drone x2  
  75  5:38  Hydralisk Den  
  75  5:39  Drone  
  75  5:44  Hatchery  
  75  5:47  Drone x2, Extractor  
  75  5:48  Queen  
  75  5:49  Extractor  
  76  5:55  Spore Crawler  
  74  5:58  Overlord  
  74  5:59  Drone x2  
  74  6:01  Drone  
  74  6:02  Drone x2  
  74  6:03  Drone x3  
  79  6:04  Drone x3  
  79  6:08  Muscular Augments  
  80  6:13  Overlord  
  80  6:14  Evolution Chamber  
  80  6:16  Overlord  
  79  6:23  Drone x2  
  79  6:24  Drone  
  79  6:25  Drone  
  83  6:30  Hydralisk x3  
  89  6:34  Hydralisk x3  
  89  6:37  Hydralisk  
  97  6:40  Zerg Missile Weapons Level 1  
  97  6:43  Drone x2  
  97  6:46  Hydralisk x2  
  98  6:51  Hydralisk x2  
  102  6:58  Hydralisk x4  
  108  7:05  Hydralisk x2  
  108  7:06  Hydralisk  
  108  7:14  Hydralisk  
  110  7:15  Overlord  
  110  7:16  Overlord x2  
  110  7:20  Lurker Den  
  110  7:23  Drone  
  111  7:33  Overlord  
  111  7:35  Drone x3  
  111  7:36  Drone x4  
  118  7:37  Drone  
  118  7:38  Queen, Drone x2  
  118  7:41  Spore Crawler  
  122  7:47  Hydralisk x3  
  127  7:54  Drone x2  
  127  7:55  Drone  
  127  7:56  Hydralisk x3, Extractor  
  127  7:58  Extractor  
  134  7:59  Overlord  
  134  8:04  Overseer  
  134  8:06  Drone  
  134  8:08  Roach Warren  
  134  8:11  Drone x2  
  134  8:12  Hydralisk x3  
  142  8:23  Hydralisk x2  
  146  8:27  Zergling x12  
  146  8:31  Overlord  
  146  8:32  Overlord x2  
  152  8:34  Overlord  
  152  8:43  Overlord  
  152  8:44  Zerg Missile Weapons Level 2  
  152  8:48  Glial Reconstitution  
  152  8:52  Lurker x7  
  152  8:53  Lurker x2  
  152  8:55  Hydralisk  
  161  9:01  Hydralisk x3  
  168  9:06  Roach  
  168  9:07  Roach x3  
  174  9:14  Roach x5  
  174  9:15  Roach x2  
  183  9:20  Roach x4  
  189  9:27  Roach  
  188  9:32  Queen  
  167  9:41  Roach  
  167  9:42  Roach x7  
  157  9:53  Roach x4  
  157  10:05  Roach x5  
  165  10:11  Hydralisk x2  
  163  10:20  Lurker x3  
  163  10:21  Lurker x2  
  152  10:28  Roach  
  152  10:29  Roach x2  
  157  10:36  Hydralisk x2  
  157  10:41  Hydralisk x2  
  151  10:44  Hydralisk  
  151  10:46  Overseer  
  138  10:58  Hydralisk x4  
Tags
 
Add a new tag
Caveats
  • Supply blocks, unpowered buildings, or Contaminate may cause inaccurate times.
  • Supply counts are checked every 10 seconds.